Map: Eastwatch LE

Players

fruitcake - Winner!

  • Race: Protoss Protoss
  • Spawn Location: 1:00

anormata

  • Race: Terran Terran
  • League: Silver
  • Spawn Location: 7:00

VOD

Have the link to the VOD?

Description

Time

  • Played on: May 9, 2018, 6:01 p.m.
  • Length: 7:00
Show
View Real Time Build Order
Export as new Build Order

fruitcake Protoss - Winner!

Build Orders:  

Get SALT Encoding   

  1  0:00  Probe  
  13  0:13  Pylon  
  13  0:15  Probe  
  14  0:27  Probe  
  15  0:31  Assimilator  
  15  0:39  Probe  
  16  0:44  Gateway  
  16  0:51  Probe  
  17  0:59  Assimilator  
  17  1:02  Probe  
  18  1:10  Probe  
  18  1:12  Gateway  
  19  1:29  Pylon  
  19  1:35  Forge  
  19  1:38  Zealot  
  21  1:58  Probe  
  21  2:01  Zealot  
  24  2:05  Zealot  
  24  2:06  Cybernetics Core  
  24  2:10  Probe  
  27  2:20  Pylon  
  28  2:22  Probe  
  28  2:41  Stalker  
  28  2:43  Stalker  
  32  2:59  Shield Battery  
  32  3:03  Stalker  
  32  3:06  Probe  
  32  3:08  Pylon  
  35  3:17  Stalker  
  37  3:33  Adept  
  39  3:43  Robotics Facility  
  41  3:48  Adept  
  41  4:00  Adept  
  43  4:11  Probe  
  43  4:15  Adept  
  46  4:19  Pylon  
  46  4:23  Probe  
  47  4:30  Adept  
  49  4:42  Adept  
  51  4:57  Adept  
  53  5:09  Adept  
  53  5:10  Pylon  
  55  5:28  Adept  
  57  5:37  Adept  
  53  5:56  Adept  
  55  6:04  Adept  
  55  6:23  Adept  
  57  6:31  Adept  
Show
View Real Time Build Order
Export as new Build Order

anormata Terran 

Build Orders:  

Get SALT Encoding   

  12  0:03  SCV  
  13  0:15  SCV  
  13  0:21  Supply Depot  
  14  0:27  SCV  
  15  0:37  Refinery  
  15  0:42  SCV  
  16  0:47  Barracks  
  16  0:54  SCV  
  17  1:06  SCV  
  18  1:18  SCV  
  20  1:35  Orbital Command  
  20  1:37  Barracks Reactor  
  19  1:49  Command Center  
  19  2:03  SCV  
  20  2:15  Marine x2, Factory  
  22  2:17  SCV  
  23  2:26  Refinery  
  23  3:01  Marine x2, SCV, Barracks, Factory Reactor  
  23  3:04  Starport  
  26  3:13  SCV  
  27  3:25  SCV  
  28  3:35  Orbital Command  
  28  3:36  Marine x2  
  28  3:37  SCV  
  31  3:49  SCV  
  31  3:55  Factory Tech Lab  
  32  3:57  Engineering Bay  
  32  4:02  SCV  
  33  4:03  Marine  
  33  4:04  Barracks Tech Lab, Marine  
  35  4:14  SCV  
  35  4:17  Supply Depot  
  36  4:21  Refinery  
  36  4:22  Refinery  
  36  4:24  Medivac  
  38  4:38  SCV, Siege Tank, Medivac, Marauder, Stimpack  
  46  4:40  Supply Depot  
  46  5:01  Marine x2, SCV x2  
  46  5:03  Supply Depot  
  46  5:04  Supply Depot  
  50  5:14  Supply Depot  
  50  5:22  Barracks  
  50  5:25  Marine x2  
  50  5:26  Marauder  
  50  5:27  Siege Tank, Medivac x2  
  61  5:29  SCV  
  61  5:31  SCV  
  46  5:57  Marine x2  
  46  5:58  Marauder  
  29  6:30  Marine x2, Marauder  
Tags
 
Add a new tag
Caveats
  • Supply blocks, unpowered buildings, or Contaminate may cause inaccurate times.
  • Supply counts are checked every 10 seconds.